Penguins vs Islanders

Created - April 17, 2024 at 21:55

Goals
1 2 3 T
Penguins 1 2 1 4
Islanders 1 0 1 2
Shots
1 2 3 T
Penguins 14 16 14 44
Islanders 11 12 17 40

1st period

1. Islanders , Aleksander Barkov 47 (Travis Konecny 44, Scott Mayfield 19) at 1:32
2. Penguins , Austin Watson 7 (Brenden Dillon 40, Jason Zucker 13) at 13:45 (PP)

Penalties :
Mason Shaw (NYI) for Holding (Minor) at 12:24, Logan Stanley (PIT) for Elbowing (Minor) at 18:04

2nd period

3. Penguins , Cole Perfetti 2 (Logan Stanley 16) at 6:44
4. Penguins , Nico Hischier 28 (Brenden Dillon 41) at 18:55

Penalties :
Charlie McAvoy (NYI) for Cross-checking (Minor) at 12:11

3rd period

5. Islanders , Kyle Connor 35 (Paul Stastny 15) at 8:37
6. Penguins , Taylor Raddysh 19 (Jason Zucker 14, Nicolas Hague 15) at 18:29

Penalties :
Nino Niederreiter (PIT) for Hooking (Minor) at 5:27

Goalie Stats

Jordan Binnington (PIT), 38 saves from 40 shots - (0.950), W, 21-24-3, 60:00 minutes
Andrei Vasilevskiy (NYI), 40 saves from 44 shots - (0.909), L, 47-16-7, 60:00 minutes

Players Stats for Penguins

Player Name              G  A  P  +/- PIM S  H  SB GA TA FO     MP     PP MP  PK MP  
------------------------------------------------------------------------------------
Artem Zub                0  0  0   0  0   0  2  0  0  0  0/0    13:13   1:41   1:52 
Austin Watson            1  0  1  -1  0   1  2  0  0  0  0/4    13:13   1:50   0:00 
Brenden Dillon           0  2  2   1  0   2  0  0  0  0  0/0    24:49   1:41   1:52 
Cole Perfetti            1  0  1   2  0   3  0  0  0  0  11/23  15:24   0:00   0:00 
Denis Malgin             0  0  0   1  0   1  0  0  0  0  0/0    11:32   0:00   0:00 
Jason Zucker             0  2  2   2  0   2  2  0  0  0  2/5    16:36   1:50   0:18 
Juuso Valimaki           0  0  0   0  0   1  2  1  0  0  0/0    19:40   1:39   2:06 
Kevin Labanc             0  0  0  -1  0   6  1  0  0  0  0/2    18:21   1:30   1:32 
Kyle Palmieri            0  0  0  -1  0   1  1  0  0  0  0/1    11:23   0:00   0:00 
Logan Stanley            0  1  1   0  2   0  1  0  0  0  0/0    15:30   0:00   0:00 
Michael Del Zotto        0  0  0   1  0   1  2  0  0  0  0/0    11:36   0:00   0:00 
Nate Schmidt             0  0  0   0  0   1  1  0  0  0  0/0    15:31   0:00   0:00 
Nico Hischier            1  0  1   1  0   2  0  0  0  0  10/17  11:32   0:00   0:00 
Nicolas Hague            0  1  1   0  0   2  0  0  0  0  0/0    19:40   1:39   2:06 
Nino Niederreiter        0  0  0   0  2   2  5  0  0  0  8/17   23:12   0:00   1:14 
Quinton Byfield          0  0  0  -1  0   4  1  1  0  0  7/20   17:05   1:30   0:16 
Ryan Donato              0  0  0  -1  0   4  0  1  0  0  4/6    19:29   1:30   2:40 
Taylor Raddysh           1  0  1   2  0   11 1  1  0  0  1/3    18:14   1:50   1:56 

Players Stats for Islanders

Player Name              G  A  P  +/- PIM S  H  SB GA TA FO     MP     PP MP  PK MP  
------------------------------------------------------------------------------------
Aleksander Barkov        1  0  1   1  0   9  1  0  0  0  16/33  20:20   2:02   0:00 
Brandon Carlo            0  0  0   0  0   2  4  1  0  0  0/0    22:01   0:00   1:35 
Casey Cizikas            0  0  0   0  0   1  3  0  0  0  13/20  13:21   0:00   1:25 
Charlie McAvoy           0  0  0  -1  2   1  1  1  0  0  0/0    16:25   1:57   0:00 
Conor Garland            0  0  0   0  0   3  0  0  0  0  1/2    15:22   2:01   1:25 
Jason Dickinson          0  0  0  -1  0   1  0  0  0  0  6/10    7:51   0:00   1:55 
Jonatan Berggren         0  0  0  -1  0   1  0  0  0  0  0/0     7:51   0:00   1:55 
Kyle Connor              1  0  1  -1  0   6  2  0  0  0  1/1    18:34   2:02   0:00 
Mark Giordano            0  0  0   0  0   1  3  0  0  0  0/0    19:32   0:00   1:45 
Mason Shaw               0  0  0  -1  2   0  0  0  0  0  0/0     5:55   0:00   0:00 
Matthew Tkachuk          0  0  0   1  0   2  2  0  0  0  3/3    20:20   2:02   0:00 
Nikolaj Ehlers           0  0  0  -1  0   5  4  0  0  0  0/2    18:28   1:56   0:00 
Paul Stastny             0  1  1  -1  0   1  0  1  0  0  14/25  18:28   1:56   0:00 
Pavel Zacha              0  0  0   0  0   4  2  0  0  0  0/0    13:53   1:57   0:00 
Ryan Pulock              0  0  0   0  0   0  0  2  0  0  0/0    21:33   2:01   1:45 
Scott Mayfield           0  1  1   0  0   1  3  2  0  0  0/0    22:01   0:00   1:35 
Tobias Bjornfot          0  0  0  -1  0   0  0  0  0  0  0/0    14:29   0:00   0:00 
Travis Konecny           0  1  1   1  0   2  1  0  0  0  1/2    20:14   1:56   0:00 

3 Stars

1 - Jordan Binnington (PIT)
2 - Jason Zucker (PIT)
3 - Taylor Raddysh (PIT)

Power Play

Penguins - 1 on 2 Attempt(s) - 50.00%
Islanders - 0 on 2 Attempt(s) - 0.00%

Penalty Kill

Penguins - 2 on 2 Attempt(s) - 100.00% - Score 0 goal in Penalty Kill
Islanders - 1 on 2 Attempt(s) - 50.00% - Score 0 goal in Penalty Kill

Team Stat

Penguins - Hits : 21 - Faceoff Wins : 43 - Blocked Shots : 4 - Penalty Minutes : 4
Islanders - Hits : 26 - Faceoff Wins : 55 - Blocked Shots : 7 - Penalty Minutes : 4

Official

Referees : Kelly Sutherland and Chris Schlenker
Linesman : Travis Toomey and Devin Berg

Game Notes

No Game Note

Finance

Level 1 -- Attendance: 6000 (100.00%) -- Ticket Income $630,000
Level 2 -- Attendance: 5000 (100.00%) -- Ticket Income $225,000
Level 3 -- Attendance: 2000 (100.00%) -- Ticket Income $80,000
Level 4 -- Attendance: 4000 (100.00%) -- Ticket Income $140,000
Luxury Box -- Attendance: 1000 (100.00%) -- Ticket Income $100,000
Game was played at the Barclays Center.
Total Attendance: 18000 (100.00%)
Total Ticket Income: $1,175,000
Other Income: $575,750
Total Income: $1,750,750

Penguins

5 vs 5 Forward 
   Center                   Left Wing                Right Wing               Time % Phy DF OF 
 1 Cole Perfetti            Jason Zucker             Taylor Raddysh           25     1   2  2  
 2 Quinton Byfield          Ryan Donato              Kevin Labanc             25     1   2  2  
 3 Nino Niederreiter        Austin Watson            Kyle Palmieri            25     1   2  2  
 4 Nico Hischier            Denis Malgin             Nino Niederreiter        25     1   2  2  

5 vs 5 Defense 
   Defense                  Defense                                           Time % Phy DF OF 
 1 Brenden Dillon           Artem Zub                                         25     1   2  2  
 2 Juuso Valimaki           Nicolas Hague                                     25     1   2  2  
 3 Logan Stanley            Nate Schmidt                                      25     1   2  2  
 4 Michael Del Zotto        Brenden Dillon                                    25     1   2  2  

PowerPlay Forward 
   Center                   Left Wing                Right Wing               Time % Phy DF OF 
 1 Austin Watson            Jason Zucker             Taylor Raddysh           60     1   2  2  
 2 Quinton Byfield          Ryan Donato              Kevin Labanc             40     1   2  2  

PowerPlay Defense
   Defense                  Defense                                           Time % Phy DF OF 
 1 Brenden Dillon           Artem Zub                                         60     1   2  2  
 2 Juuso Valimaki           Nicolas Hague                                     40     1   2  2  

Penalty Kill 4 Players Forward 
   Center                   Wing                     Time % Phy DF OF 
 1 Ryan Donato              Nino Niederreiter        60     1   2  2  
 2 Jason Zucker             Taylor Raddysh           40     1   2  2  

Penalty Kill 4 Players Defense
   Defense                  Defense                  Time % Phy DF OF 
 1 Brenden Dillon           Artem Zub                60     1   2  2  
 2 Juuso Valimaki           Nicolas Hague            40     1   2  2  

Penalty Kill - 3 Players Forward 
   Forward                                           Time % Phy DF OF 
 1 Jason Zucker                                      60     1   2  2  
 2 Kyle Palmieri                                     40     1   2  2  

Penalty Kill - 3 Players Defense
   Defense                  Defense                  Time % Phy DF OF 
 1 Brenden Dillon           Artem Zub                60     1   2  2  
 2 Juuso Valimaki           Nicolas Hague            40     1   2  2  

4 vs 4 Forward 
   Center                   Wing                     Time % Phy DF OF 
 1 Ryan Donato              Quinton Byfield          60     1   2  2  
 2 Jason Zucker             Taylor Raddysh           40     1   2  2  

4 vs 4 Defense
   Defense                  Defense                  Time % Phy DF OF 
 1 Brenden Dillon           Artem Zub                60     1   2  2  
 2 Juuso Valimaki           Nicolas Hague            40     1   2  2  

Last Minutes Offensive
   Center                   Left Wing                Right Wing               Defense                  Defense                  
   Cole Perfetti            Jason Zucker             Taylor Raddysh           Brenden Dillon           Artem Zub                

Last Minutes Defensive
   Center                   Left Wing                Right Wing               Defense                  Defense                  
   Cole Perfetti            Jason Zucker             Taylor Raddysh           Brenden Dillon           Artem Zub                

Goaltenders
Starting : Jordan Binnington        
Backup : Martin Jones             

Extra Forwards
Normal : Austin Watson, Kyle Palmieri, Jason Zucker - PP : Austin Watson, Taylor Raddysh - PK : Taylor Raddysh
Extra Defensemen
Normal : Logan Stanley, Brenden Dillon, Artem Zub - PP : Logan Stanley - PK : Artem Zub, Brenden Dillon
Penalty Shots
Austin Watson, Kyle Palmieri, Jason Zucker, Taylor Raddysh, Ryan Donato
Custom OT Lines Forwards
Cole Perfetti, Nico Hischier, Jason Zucker, Taylor Raddysh, Ryan Donato, Kevin Labanc, Austin Watson, Nino Niederreiter, Kyle Palmieri, Quinton Byfield
Custom OT Lines Defensemen
Brenden Dillon, Artem Zub, Juuso Valimaki, Nicolas Hague, Logan Stanley

Scratches
Brendan Lemieux (Healthy), Petr Mrazek (Healthy), Aaron Dell (Exhaustion)

Islanders

5 vs 5 Forward 
   Center                   Left Wing                Right Wing               Time % Phy DF OF 
 1 Aleksander Barkov        Travis Konecny           Matthew Tkachuk          35     1   1  3  
 2 Paul Stastny             Kyle Connor              Nikolaj Ehlers           31     1   1  3  
 3 Casey Cizikas            Conor Garland            Pavel Zacha              22     1   1  3  
 4 Jason Dickinson          Mason Shaw               Jonatan Berggren         12     1   2  2  

5 vs 5 Defense 
   Defense                  Defense                                           Time % Phy DF OF 
 1 Brandon Carlo            Scott Mayfield                                    40     1   3  1  
 2 Mark Giordano            Ryan Pulock                                       35     1   3  1  
 3 Charlie McAvoy           Tobias Bjornfot                                   25     1   3  1  
 4 Charlie McAvoy           Mark Giordano                                     0      1   3  1  

PowerPlay Forward 
   Center                   Left Wing                Right Wing               Time % Phy DF OF 
 1 Aleksander Barkov        Kyle Connor              Matthew Tkachuk          50     0   0  5  
 2 Paul Stastny             Travis Konecny           Nikolaj Ehlers           50     0   0  5  

PowerPlay Defense
   Defense                  Defense                                           Time % Phy DF OF 
 1 Pavel Zacha              Charlie McAvoy                                    50     0   0  5  
 2 Conor Garland            Ryan Pulock                                       50     0   0  5  

Penalty Kill 4 Players Forward 
   Center                   Wing                     Time % Phy DF OF 
 1 Casey Cizikas            Conor Garland            50     0   5  0  
 2 Jason Dickinson          Jonatan Berggren         50     0   5  0  

Penalty Kill 4 Players Defense
   Defense                  Defense                  Time % Phy DF OF 
 1 Brandon Carlo            Scott Mayfield           50     0   5  0  
 2 Mark Giordano            Ryan Pulock              50     0   5  0  

Penalty Kill - 3 Players Forward 
   Forward                                           Time % Phy DF OF 
 1 Casey Cizikas                                     50     0   5  0  
 2 Jason Dickinson                                   50     0   5  0  

Penalty Kill - 3 Players Defense
   Defense                  Defense                  Time % Phy DF OF 
 1 Brandon Carlo            Scott Mayfield           50     0   5  0  
 2 Mark Giordano            Ryan Pulock              50     0   5  0  

4 vs 4 Forward 
   Center                   Wing                     Time % Phy DF OF 
 1 Aleksander Barkov        Matthew Tkachuk          50     1   2  2  
 2 Paul Stastny             Kyle Connor              50     1   2  2  

4 vs 4 Defense
   Defense                  Defense                  Time % Phy DF OF 
 1 Brandon Carlo            Charlie McAvoy           50     1   2  2  
 2 Scott Mayfield           Ryan Pulock              50     1   2  2  

Last Minutes Offensive
   Center                   Left Wing                Right Wing               Defense                  Defense                  
   Aleksander Barkov        Travis Konecny           Matthew Tkachuk          Charlie McAvoy           Mark Giordano            

Last Minutes Defensive
   Center                   Left Wing                Right Wing               Defense                  Defense                  
   Aleksander Barkov        Travis Konecny           Matthew Tkachuk          Charlie McAvoy           Mark Giordano            

Goaltenders
Starting : Andrei Vasilevskiy       
Backup : Karel Vejmelka           

Extra Forwards
Normal : Nikolaj Ehlers, Pavel Zacha, Jason Dickinson - PP : Nikolaj Ehlers, Pavel Zacha - PK : Mason Shaw
Extra Defensemen
Normal : Ryan Pulock, Scott Mayfield, Charlie McAvoy - PP : Charlie McAvoy - PK : Scott Mayfield, Ryan Pulock
Penalty Shots
Aleksander Barkov, Mark Giordano, Casey Cizikas, Kyle Connor, Pavel Zacha
Custom OT Lines Forwards
Aleksander Barkov, Matthew Tkachuk, Travis Konecny, Kyle Connor, Nikolaj Ehlers, Pavel Zacha, Conor Garland, Paul Stastny, Jason Dickinson, Jonatan Berggren
Custom OT Lines Defensemen
Brandon Carlo, Charlie McAvoy, Scott Mayfield, Ryan Pulock, Mark Giordano

Scratches
Otto Koivula (Healthy), William Lagesson (Healthy)

% Time on Ice - Penguins

Lines # - Real PCT - Wanted PCT - Time Play
Normal Forward
1 - 27% - 25% - 14:28
2 - 29% - 25% - 15:19
3 - 22% - 25% - 11:23
4 - 22% - 25% - 11:32
Normal Defense
1 - 18% - 25% - 9:40
2 - 30% - 25% - 15:55
3 - 29% - 25% - 15:31
4 - 22% - 25% - 11:36
PP Forward
1 - 55% - 60% - 1:50
2 - 45% - 40% - 1:30
PP Defense
1 - 51% - 60% - 1:41
2 - 50% - 40% - 1:39
PK Forward
1 - 92% - 60% - 3:40
2 - 8% - 40% - 0:18
PK Defense
1 - 47% - 60% - 1:52
2 - 53% - 40% - 2:06
PK3 Forward
1 - 0% - 60%
2 - 0% - 40%
PK3 Defense
1 - 0% - 60%
2 - 0% - 40%
44 Forward
1 - 0% - 60%
2 - 0% - 40%
44 Defense
1 - 0% - 60%
2 - 0% - 40%
Last Minute Offensive  - 0:00
Last Minute Defensive  - 0:00
Total
Forward - 60:00
Defense - 60:00

% Time on Ice - Islanders

Lines # - Real PCT - Wanted PCT - Time Play
Normal Forward
1 - 35% - 35% - 18:18
2 - 31% - 31% - 16:32
3 - 23% - 22% - 11:56
4 - 11% - 12% - 5:56
Normal Defense
1 - 39% - 40% - 20:26
2 - 34% - 35% - 17:47
3 - 27% - 25% - 14:29
4 - 0% - 0% - 0:00
PP Forward
1 - 51% - 50% - 2:02
2 - 49% - 50% - 1:56
PP Defense
1 - 49% - 50% - 1:57
2 - 51% - 50% - 2:01
PK Forward
1 - 43% - 50% - 1:25
2 - 58% - 50% - 1:55
PK Defense
1 - 48% - 50% - 1:35
2 - 53% - 50% - 1:45
PK3 Forward
1 - 0% - 50%
2 - 0% - 50%
PK3 Defense
1 - 0% - 50%
2 - 0% - 50%
44 Forward
1 - 0% - 50%
2 - 0% - 50%
44 Defense
1 - 0% - 50%
2 - 0% - 50%
Last Minute Offensive  - 0:00
Last Minute Defensive  - 0:00
Total
Forward - 60:00
Defense - 60:00

Play-by-Play

1st period


0:01 of 1st period - Matthew Tkachuk wins face-off versus Cole Perfetti in neutral zone.
0:03 of 1st period - Off-side.
0:04 of 1st period - Paul Stastny wins face-off versus Quinton Byfield in neutral zone.
0:13 of 1st period - Ryan Donato is hit by Nikolaj Ehlers and loses puck.
0:34 of 1st period - Ryan Donato is hit by Kyle Connor and loses puck.
0:47 of 1st period - Quinton Byfield is hit by Nikolaj Ehlers and loses puck.
1:32 of 1st period - Shot by Aleksander Barkov.
1:32 of 1st period - Goal by Aleksander Barkov - Penguins : 0 - Islanders : 1.
1:33 of 1st period - Casey Cizikas wins face-off versus Nino Niederreiter in neutral zone.
1:33 of 1st period - Charlie McAvoy is hit by Austin Watson and loses puck.
1:42 of 1st period - Shot by Kyle Palmieri.
1:42 of 1st period - Stopped by Andrei Vasilevskiy without a rebound.
1:43 of 1st period - Cole Perfetti wins face-off versus Jason Dickinson in Islanders zone.
1:56 of 1st period - Shot by Taylor Raddysh.
1:56 of 1st period - Shot Misses the Net.
2:00 of 1st period - Shot by Jason Zucker.
2:00 of 1st period - Shot Misses the Net.
2:02 of 1st period - Shot by Brenden Dillon.
2:02 of 1st period - Shot Blocked by Charlie McAvoy.
2:10 of 1st period - Shot by Taylor Raddysh.
2:10 of 1st period - Stopped by Andrei Vasilevskiy with a rebound.
2:12 of 1st period - Shot by Taylor Raddysh.
2:12 of 1st period - Stopped by Andrei Vasilevskiy without a rebound.
2:13 of 1st period - Nico Hischier wins face-off versus Casey Cizikas in Islanders zone.
2:40 of 1st period - Shot by Nico Hischier.
2:40 of 1st period - Deflect By Denis Malgin.
2:40 of 1st period - Shot Blocked by Scott Mayfield.
3:08 of 1st period - Travis Konecny is hit by Jason Zucker and loses puck.
3:15 of 1st period - Shot by Taylor Raddysh.
3:15 of 1st period - Stopped by Andrei Vasilevskiy with a rebound.
3:17 of 1st period - Shot by Taylor Raddysh.
3:17 of 1st period - Stopped by Andrei Vasilevskiy without a rebound.
3:18 of 1st period - Paul Stastny wins face-off versus Nino Niederreiter in Islanders zone.
3:22 of 1st period - Icing by Charlie McAvoy.
3:23 of 1st period - Kyle Connor wins face-off versus Nino Niederreiter in Islanders zone.
3:23 of 1st period - Nikolaj Ehlers is hit by Kyle Palmieri and loses puck.
4:00 of 1st period - Shot by Nikolaj Ehlers.
4:00 of 1st period - Stopped by Jordan Binnington with a rebound.
4:17 of 1st period - Off-side.
4:18 of 1st period - Jason Dickinson wins face-off versus Cole Perfetti in neutral zone.
4:23 of 1st period - Shot by Jason Dickinson.
4:23 of 1st period - Stopped by Jordan Binnington with a rebound.
5:35 of 1st period - Shot by Quinton Byfield.
5:35 of 1st period - Shot Hit the Post.
6:19 of 1st period - Shot by Pavel Zacha.
6:19 of 1st period - Stopped by Jordan Binnington without a rebound.
6:20 of 1st period - Paul Stastny wins face-off versus Jason Zucker in Penguins zone.
6:49 of 1st period - Shot by Kyle Connor.
6:49 of 1st period - Stopped by Jordan Binnington without a rebound.
6:50 of 1st period - Quinton Byfield wins face-off versus Casey Cizikas in Penguins zone.
6:50 of 1st period - Quinton Byfield is hit by Casey Cizikas.
7:02 of 1st period - Icing by Brandon Carlo.
7:03 of 1st period - Nino Niederreiter wins face-off versus Casey Cizikas in Islanders zone.
7:03 of 1st period - Nino Niederreiter is hit by Scott Mayfield.
7:13 of 1st period - Scott Mayfield is hit by Austin Watson and loses puck.
7:57 of 1st period - Shot by Travis Konecny.
7:57 of 1st period - Shot Misses the Net.
8:05 of 1st period - Shot by Aleksander Barkov.
8:05 of 1st period - Stopped by Jordan Binnington without a rebound.
8:06 of 1st period - Paul Stastny wins face-off versus Quinton Byfield in Penguins zone.
8:11 of 1st period - Shot by Kyle Connor.
8:11 of 1st period - Shot Misses the Net.
9:08 of 1st period - Shot by Nate Schmidt.
9:08 of 1st period - Stopped by Andrei Vasilevskiy without a rebound.
9:09 of 1st period - Taylor Raddysh wins face-off versus Aleksander Barkov in Islanders zone.
9:16 of 1st period - Shot by Taylor Raddysh.
9:16 of 1st period - Stopped by Andrei Vasilevskiy without a rebound.
9:17 of 1st period - Nico Hischier wins face-off versus Aleksander Barkov in Islanders zone.
9:20 of 1st period - Shot by Nino Niederreiter.
9:20 of 1st period - Stopped by Andrei Vasilevskiy without a rebound.
9:21 of 1st period - Aleksander Barkov wins face-off versus Nico Hischier in Islanders zone.
11:19 of 1st period - Shot by Ryan Donato.
11:19 of 1st period - Stopped by Andrei Vasilevskiy without a rebound.
11:20 of 1st period - Paul Stastny wins face-off versus Nino Niederreiter in Islanders zone.
11:25 of 1st period - Austin Watson is hit by Nikolaj Ehlers and loses puck.
11:34 of 1st period - Kyle Connor is hit by Nino Niederreiter and loses puck.
11:53 of 1st period - Shot by Nikolaj Ehlers.
11:53 of 1st period - Deflect By Kyle Connor.
11:53 of 1st period - Shot Misses the Net.
12:21 of 1st period - Shot by Matthew Tkachuk.
12:21 of 1st period - Stopped by Jordan Binnington without a rebound.
12:22 of 1st period - Jason Dickinson wins face-off versus Quinton Byfield in Penguins zone.
12:24 of 1st period - Minor Penalty to Mason Shaw for Holding.
12:25 of 1st period - Jason Dickinson wins face-off versus Quinton Byfield in Islanders zone.
12:59 of 1st period - Shot by Juuso Valimaki.
12:59 of 1st period - Stopped by Andrei Vasilevskiy without a rebound.
13:00 of 1st period - Conor Garland wins face-off versus Austin Watson in Islanders zone.
13:08 of 1st period - Off-side.
13:09 of 1st period - Casey Cizikas wins face-off versus Austin Watson in neutral zone.
13:41 of 1st period - Shot by Jason Zucker.
13:41 of 1st period - Shot Misses the Net.
13:43 of 1st period - Shot by Brenden Dillon.
13:43 of 1st period - Shot Blocked by Ryan Pulock.
13:45 of 1st period - Shot by Austin Watson.
13:45 of 1st period - Goal by Austin Watson - Penguins : 1 - Islanders : 1.
13:46 of 1st period - Nico Hischier wins face-off versus Aleksander Barkov in neutral zone.
13:59 of 1st period - Shot by Nico Hischier.
13:59 of 1st period - Stopped by Andrei Vasilevskiy with a rebound.
14:30 of 1st period - Icing by Brandon Carlo.
14:31 of 1st period - Ryan Donato wins face-off versus Aleksander Barkov in Islanders zone.
14:55 of 1st period - Shot by Quinton Byfield.
14:55 of 1st period - Stopped by Andrei Vasilevskiy without a rebound.
14:56 of 1st period - Cole Perfetti wins face-off versus Paul Stastny in Islanders zone.
15:02 of 1st period - Taylor Raddysh is hit by Mark Giordano and loses puck.
15:19 of 1st period - Shot by Nikolaj Ehlers.
15:19 of 1st period - Shot Misses the Net.
15:26 of 1st period - Jason Zucker is hit by Mark Giordano and loses puck.
15:35 of 1st period - Shot by Jason Zucker.
15:35 of 1st period - Deflect By Taylor Raddysh.
15:35 of 1st period - Shot Blocked by Paul Stastny.
15:50 of 1st period - Shot by Kyle Palmieri.
15:50 of 1st period - Shot Hit the Post.
15:52 of 1st period - Shot by Artem Zub.
15:52 of 1st period - Shot Misses the Net.
15:57 of 1st period - Kyle Palmieri is hit by Mark Giordano.
16:02 of 1st period - Icing by Mark Giordano.
16:03 of 1st period - Paul Stastny wins face-off versus Kevin Labanc in Islanders zone.
16:29 of 1st period - Shot by Ryan Donato.
16:29 of 1st period - Deflect By Quinton Byfield.
16:29 of 1st period - Stopped by Andrei Vasilevskiy without a rebound.
16:30 of 1st period - Nico Hischier wins face-off versus Aleksander Barkov in Islanders zone.
16:50 of 1st period - Off-side.
16:51 of 1st period - Jason Dickinson wins face-off versus Cole Perfetti in neutral zone.
17:04 of 1st period - Shot by Jonatan Berggren.
17:04 of 1st period - Stopped by Jordan Binnington without a rebound.
17:05 of 1st period - Nino Niederreiter wins face-off versus Aleksander Barkov in Penguins zone.
18:04 of 1st period - Minor Penalty to Logan Stanley for Elbowing.
18:05 of 1st period - Ryan Donato wins face-off versus Paul Stastny in Penguins zone.
18:33 of 1st period - Shot by Pavel Zacha.
18:33 of 1st period - Shot Misses the Net.
18:35 of 1st period - Shot by Pavel Zacha.
18:35 of 1st period - Stopped by Jordan Binnington without a rebound.
18:36 of 1st period - Aleksander Barkov wins face-off versus Ryan Donato in Penguins zone.
18:45 of 1st period - Shot by Aleksander Barkov.
18:45 of 1st period - Shot Misses the Net.
18:47 of 1st period - Shot by Ryan Pulock.
18:47 of 1st period - Deflect By Aleksander Barkov.
18:47 of 1st period - Stopped by Jordan Binnington without a rebound.
18:48 of 1st period - Jason Zucker wins face-off versus Aleksander Barkov in Penguins zone.
19:48 of 1st period - Shot by Nikolaj Ehlers.
19:48 of 1st period - Deflect By Travis Konecny.
19:48 of 1st period - Stopped by Jordan Binnington with a rebound.
Goals for this period are 1 for Penguins vs 1 for Islanders.
Shots for this period are 14 for Penguins vs 11 for Islanders.

2nd period


0:01 of 2nd period - Ryan Donato wins face-off versus Aleksander Barkov in neutral zone.
0:14 of 2nd period - Shot by Nate Schmidt.
0:14 of 2nd period - Shot Misses the Net.
1:53 of 2nd period - Off-side.
1:54 of 2nd period - Quinton Byfield wins face-off versus Paul Stastny in neutral zone.
2:03 of 2nd period - Shot by Nicolas Hague.
2:03 of 2nd period - Deflect By Ryan Donato.
2:03 of 2nd period - Stopped by Andrei Vasilevskiy without a rebound.
2:04 of 2nd period - Nino Niederreiter wins face-off versus Casey Cizikas in Islanders zone.
3:24 of 2nd period - Off-side.
3:25 of 2nd period - Matthew Tkachuk wins face-off versus Taylor Raddysh in neutral zone.
3:38 of 2nd period - Shot by Aleksander Barkov.
3:38 of 2nd period - Stopped by Jordan Binnington without a rebound.
3:39 of 2nd period - Nico Hischier wins face-off versus Jason Dickinson in Penguins zone.
3:45 of 2nd period - Juuso Valimaki is hit by Brandon Carlo and loses puck.
4:42 of 2nd period - Icing by Ryan Pulock.
4:43 of 2nd period - Aleksander Barkov wins face-off versus Quinton Byfield in Islanders zone.
4:48 of 2nd period - Shot by Matthew Tkachuk.
4:48 of 2nd period - Shot Misses the Net.
5:08 of 2nd period - Shot by Kevin Labanc.
5:08 of 2nd period - Stopped by Andrei Vasilevskiy without a rebound.
5:09 of 2nd period - Cole Perfetti wins face-off versus Paul Stastny in Islanders zone.
5:10 of 2nd period - Shot by Jason Zucker.
5:10 of 2nd period - Stopped by Andrei Vasilevskiy without a rebound.
5:11 of 2nd period - Cole Perfetti wins face-off versus Paul Stastny in Islanders zone.
5:36 of 2nd period - Icing by Brandon Carlo.
5:37 of 2nd period - Paul Stastny wins face-off versus Quinton Byfield in Islanders zone.
5:37 of 2nd period - Nikolaj Ehlers is hit by Kevin Labanc and loses puck.
5:44 of 2nd period - Shot by Quinton Byfield.
5:44 of 2nd period - Stopped by Andrei Vasilevskiy without a rebound.
5:45 of 2nd period - Casey Cizikas wins face-off versus Nino Niederreiter in Islanders zone.
6:26 of 2nd period - Icing by Nino Niederreiter.
6:27 of 2nd period - Nino Niederreiter wins face-off versus Paul Stastny in Penguins zone.
6:42 of 2nd period - Shot by Cole Perfetti.
6:42 of 2nd period - Shot Misses the Net.
6:44 of 2nd period - Shot by Cole Perfetti.
6:44 of 2nd period - Goal by Cole Perfetti - Penguins : 2 - Islanders : 1.
6:45 of 2nd period - Matthew Tkachuk wins face-off versus Cole Perfetti in neutral zone.
6:54 of 2nd period - Shot by Aleksander Barkov.
6:54 of 2nd period - Shot Misses the Net.
7:08 of 2nd period - Logan Stanley is hit by Matthew Tkachuk and loses puck.
7:18 of 2nd period - Taylor Raddysh is hit by Scott Mayfield and loses puck.
7:32 of 2nd period - Off-side.
7:33 of 2nd period - Quinton Byfield wins face-off versus Paul Stastny in neutral zone.
7:40 of 2nd period - Shot by Kyle Connor.
7:40 of 2nd period - Stopped by Jordan Binnington with a rebound.
7:42 of 2nd period - Shot by Mark Giordano.
7:42 of 2nd period - Stopped by Jordan Binnington without a rebound.
7:43 of 2nd period - Nico Hischier wins face-off versus Casey Cizikas in Penguins zone.
8:21 of 2nd period - Icing by Charlie McAvoy.
8:22 of 2nd period - Quinton Byfield wins face-off versus Casey Cizikas in Islanders zone.
8:45 of 2nd period - Shot by Kyle Connor.
8:45 of 2nd period - Shot Misses the Net.
9:41 of 2nd period - Jason Zucker is hit by Scott Mayfield and loses puck.
10:05 of 2nd period - Icing by Travis Konecny.
10:06 of 2nd period - Nino Niederreiter wins face-off versus Aleksander Barkov in Islanders zone.
10:20 of 2nd period - Icing by Brenden Dillon.
10:21 of 2nd period - Casey Cizikas wins face-off versus Nino Niederreiter in Penguins zone.
10:26 of 2nd period - Shot by Pavel Zacha.
10:26 of 2nd period - Stopped by Jordan Binnington with a rebound.
10:54 of 2nd period - Shot by Pavel Zacha.
10:54 of 2nd period - Deflect By Conor Garland.
10:54 of 2nd period - Stopped by Jordan Binnington without a rebound.
10:55 of 2nd period - Paul Stastny wins face-off versus Cole Perfetti in Penguins zone.
11:02 of 2nd period - Shot by Nikolaj Ehlers.
11:02 of 2nd period - Stopped by Jordan Binnington with a rebound.
11:04 of 2nd period - Shot by Mark Giordano.
11:04 of 2nd period - Shot Blocked by Taylor Raddysh.
11:09 of 2nd period - Paul Stastny is hit by Logan Stanley and loses puck.
11:55 of 2nd period - Shot by Aleksander Barkov.
11:55 of 2nd period - Stopped by Jordan Binnington without a rebound.
11:56 of 2nd period - Nico Hischier wins face-off versus Casey Cizikas in Penguins zone.
11:56 of 2nd period - Nico Hischier is hit by Pavel Zacha.
12:10 of 2nd period - Nico Hischier is hit by Charlie McAvoy and loses puck.
12:11 of 2nd period - Minor Penalty to Charlie McAvoy for Cross-checking.
12:12 of 2nd period - Quinton Byfield wins face-off versus Jason Dickinson in Islanders zone.
12:21 of 2nd period - Shot by Ryan Donato.
12:21 of 2nd period - Stopped by Andrei Vasilevskiy without a rebound.
12:22 of 2nd period - Casey Cizikas wins face-off versus Austin Watson in Islanders zone.
12:42 of 2nd period - Shot by Taylor Raddysh.
12:42 of 2nd period - Stopped by Andrei Vasilevskiy without a rebound.
12:43 of 2nd period - Casey Cizikas wins face-off versus Kevin Labanc in Islanders zone.
12:53 of 2nd period - Kevin Labanc is hit by Casey Cizikas and loses puck.
13:20 of 2nd period - Shot by Brenden Dillon.
13:20 of 2nd period - Stopped by Andrei Vasilevskiy without a rebound.
13:21 of 2nd period - Jason Dickinson wins face-off versus Austin Watson in Islanders zone.
13:53 of 2nd period - Shot by Jason Zucker.
13:53 of 2nd period - Shot Misses the Net.
13:55 of 2nd period - Shot by Nicolas Hague.
13:55 of 2nd period - Shot Misses the Net.
13:57 of 2nd period - Shot by Nicolas Hague.
13:57 of 2nd period - Stopped by Andrei Vasilevskiy with a rebound.
14:35 of 2nd period - Kyle Connor is hit by Nate Schmidt and loses puck.
14:46 of 2nd period - Nino Niederreiter is hit by Nikolaj Ehlers and loses puck.
15:03 of 2nd period - Shot by Ryan Donato.
15:03 of 2nd period - Stopped by Andrei Vasilevskiy with a rebound.
15:05 of 2nd period - Shot by Kevin Labanc.
15:05 of 2nd period - Stopped by Andrei Vasilevskiy without a rebound.
15:06 of 2nd period - Cole Perfetti wins face-off versus Aleksander Barkov in Islanders zone.
15:07 of 2nd period - Shot by Taylor Raddysh.
15:07 of 2nd period - Stopped by Andrei Vasilevskiy without a rebound.
15:08 of 2nd period - Aleksander Barkov wins face-off versus Quinton Byfield in Islanders zone.
15:08 of 2nd period - Aleksander Barkov is hit by Quinton Byfield.
15:18 of 2nd period - Shot by Aleksander Barkov.
15:18 of 2nd period - Shot Misses the Net.
15:20 of 2nd period - Shot by Brandon Carlo.
15:20 of 2nd period - Shot Misses the Net.
15:22 of 2nd period - Shot by Brandon Carlo.
15:22 of 2nd period - Shot Blocked by Ryan Donato.
15:24 of 2nd period - Shot by Aleksander Barkov.
15:24 of 2nd period - Stopped by Jordan Binnington without a rebound.
15:25 of 2nd period - Casey Cizikas wins face-off versus Cole Perfetti in Penguins zone.
15:37 of 2nd period - Taylor Raddysh is hit by Casey Cizikas and loses puck.
15:49 of 2nd period - Shot by Taylor Raddysh.
15:49 of 2nd period - Shot Blocked by Ryan Pulock.
15:51 of 2nd period - Shot by Cole Perfetti.
15:51 of 2nd period - Stopped by Andrei Vasilevskiy without a rebound.
15:52 of 2nd period - Aleksander Barkov wins face-off versus Nino Niederreiter in Islanders zone.
16:14 of 2nd period - Icing by Brenden Dillon.
16:15 of 2nd period - Nino Niederreiter wins face-off versus Nikolaj Ehlers in Penguins zone.
16:42 of 2nd period - Shot by Nikolaj Ehlers.
16:42 of 2nd period - Stopped by Jordan Binnington with a rebound.
17:31 of 2nd period - Matthew Tkachuk is hit by Juuso Valimaki.
17:38 of 2nd period - Aleksander Barkov is hit by Juuso Valimaki and loses puck.
18:18 of 2nd period - Jason Dickinson is hit by Taylor Raddysh and loses puck.
18:29 of 2nd period - Shot by Taylor Raddysh.
18:29 of 2nd period - Stopped by Andrei Vasilevskiy with a rebound.
18:35 of 2nd period - Shot by Jason Zucker.
18:35 of 2nd period - Stopped by Andrei Vasilevskiy with a rebound.
18:37 of 2nd period - Shot by Nate Schmidt.
18:37 of 2nd period - Shot Misses the Net.
18:39 of 2nd period - Shot by Nate Schmidt.
18:39 of 2nd period - Shot Misses the Net.
18:50 of 2nd period - Charlie McAvoy is hit by Nino Niederreiter and loses puck.
18:55 of 2nd period - Shot by Nico Hischier.
18:55 of 2nd period - Goal by Nico Hischier - Penguins : 3 - Islanders : 1.
18:56 of 2nd period - Casey Cizikas wins face-off versus Kyle Palmieri in neutral zone.
19:11 of 2nd period - Shot by Conor Garland.
19:11 of 2nd period - Stopped by Jordan Binnington with a rebound.
19:20 of 2nd period - Pavel Zacha is hit by Artem Zub and loses puck.
19:29 of 2nd period - Shot by Casey Cizikas.
19:29 of 2nd period - Stopped by Jordan Binnington without a rebound.
19:30 of 2nd period - Travis Konecny wins face-off versus Cole Perfetti in Penguins zone.
19:42 of 2nd period - Shot by Aleksander Barkov.
19:42 of 2nd period - Shot Misses the Net.
19:47 of 2nd period - Icing by Nate Schmidt.
19:48 of 2nd period - Paul Stastny wins face-off versus Cole Perfetti in Penguins zone.
19:59 of 2nd period - Shot by Nikolaj Ehlers.
19:59 of 2nd period - Stopped by Jordan Binnington without a rebound.
Goals for this period are 2 for Penguins vs 0 for Islanders.
Shots for this period are 16 for Penguins vs 12 for Islanders.

3rd period


0:01 of 3rd period - Aleksander Barkov wins face-off versus Nico Hischier in neutral zone.
0:01 of 3rd period - Aleksander Barkov is hit by Nino Niederreiter.
0:08 of 3rd period - Nico Hischier is hit by Brandon Carlo.
0:10 of 3rd period - Shot by Nino Niederreiter.
0:10 of 3rd period - Shot Misses the Net.
0:26 of 3rd period - Brenden Dillon is hit by Brandon Carlo and loses puck.
0:33 of 3rd period - Michael Del Zotto is hit by Travis Konecny.
1:22 of 3rd period - Shot by Ryan Pulock.
1:22 of 3rd period - Shot Misses the Net.
1:25 of 3rd period - Icing by Nicolas Hague.
1:26 of 3rd period - Casey Cizikas wins face-off versus Quinton Byfield in Penguins zone.
1:27 of 3rd period - Shot by Conor Garland.
1:27 of 3rd period - Deflect By Pavel Zacha.
1:27 of 3rd period - Shot Misses the Net.
1:40 of 3rd period - Quinton Byfield is hit by Pavel Zacha and loses puck.
1:49 of 3rd period - Shot by Kevin Labanc.
1:49 of 3rd period - Stopped by Andrei Vasilevskiy without a rebound.
1:50 of 3rd period - Jason Dickinson wins face-off versus Cole Perfetti in Islanders zone.
1:56 of 3rd period - Off-side.
1:57 of 3rd period - Aleksander Barkov wins face-off versus Cole Perfetti in neutral zone.
2:12 of 3rd period - Shot by Taylor Raddysh.
2:12 of 3rd period - Stopped by Andrei Vasilevskiy with a rebound.
2:37 of 3rd period - Shot by Aleksander Barkov.
2:37 of 3rd period - Stopped by Jordan Binnington without a rebound.
2:38 of 3rd period - Paul Stastny wins face-off versus Nino Niederreiter in Penguins zone.
2:38 of 3rd period - Brandon Carlo is hit by Michael Del Zotto and loses puck.
3:00 of 3rd period - Shot by Kyle Palmieri.
3:00 of 3rd period - Shot Misses the Net.
3:02 of 3rd period - Shot by Austin Watson.
3:02 of 3rd period - Shot Misses the Net.
4:17 of 3rd period - Off-side.
4:18 of 3rd period - Cole Perfetti wins face-off versus Aleksander Barkov in neutral zone.
4:23 of 3rd period - Shot by Taylor Raddysh.
4:23 of 3rd period - Deflect By Cole Perfetti.
4:23 of 3rd period - Stopped by Andrei Vasilevskiy without a rebound.
4:24 of 3rd period - Nico Hischier wins face-off versus Travis Konecny in Islanders zone.
4:33 of 3rd period - Shot by Denis Malgin.
4:33 of 3rd period - Stopped by Andrei Vasilevskiy without a rebound.
4:34 of 3rd period - Cole Perfetti wins face-off versus Jason Dickinson in Islanders zone.
4:34 of 3rd period - Cole Perfetti is hit by Brandon Carlo.
4:36 of 3rd period - Shot by Jason Zucker.
4:36 of 3rd period - Shot Blocked by Brandon Carlo.
4:45 of 3rd period - Off-side.
4:46 of 3rd period - Aleksander Barkov wins face-off versus Nico Hischier in neutral zone.
4:53 of 3rd period - Off-side.
4:54 of 3rd period - Nino Niederreiter wins face-off versus Aleksander Barkov in neutral zone.
4:54 of 3rd period - Nino Niederreiter is hit by Matthew Tkachuk.
4:57 of 3rd period - Off-side.
4:58 of 3rd period - Nico Hischier wins face-off versus Aleksander Barkov in neutral zone.
5:03 of 3rd period - Shot by Nino Niederreiter.
5:03 of 3rd period - Stopped by Andrei Vasilevskiy without a rebound.
5:04 of 3rd period - Aleksander Barkov wins face-off versus Nico Hischier in Islanders zone.
5:17 of 3rd period - Shot by Aleksander Barkov.
5:17 of 3rd period - Stopped by Jordan Binnington with a rebound.
5:20 of 3rd period - Icing by Artem Zub.
5:21 of 3rd period - Nico Hischier wins face-off versus Nikolaj Ehlers in Penguins zone.
5:21 of 3rd period - Nico Hischier is hit by Kyle Connor.
5:27 of 3rd period - Minor Penalty to Nino Niederreiter for Hooking.
5:28 of 3rd period - Ryan Donato wins face-off versus Aleksander Barkov in Penguins zone.
5:51 of 3rd period - Shot by Kyle Connor.
5:51 of 3rd period - Stopped by Jordan Binnington with a rebound.
5:53 of 3rd period - Shot by Matthew Tkachuk.
5:53 of 3rd period - Shot Misses the Net.
6:19 of 3rd period - Shot by Nikolaj Ehlers.
6:19 of 3rd period - Shot Hit the Post.
6:21 of 3rd period - Shot by Charlie McAvoy.
6:21 of 3rd period - Stopped by Jordan Binnington without a rebound.
6:22 of 3rd period - Paul Stastny wins face-off versus Ryan Donato in Penguins zone.
6:45 of 3rd period - Shot by Charlie McAvoy.
6:45 of 3rd period - Deflect By Nikolaj Ehlers.
6:45 of 3rd period - Shot Misses the Net.
7:11 of 3rd period - Shot by Conor Garland.
7:11 of 3rd period - Stopped by Jordan Binnington without a rebound.
7:12 of 3rd period - Jason Zucker wins face-off versus Aleksander Barkov in Penguins zone.
7:25 of 3rd period - Shot by Kyle Connor.
7:25 of 3rd period - Stopped by Jordan Binnington without a rebound.
7:26 of 3rd period - Aleksander Barkov wins face-off versus Taylor Raddysh in Penguins zone.
7:59 of 3rd period - Icing by Nate Schmidt.
8:00 of 3rd period - Nino Niederreiter wins face-off versus Aleksander Barkov in Penguins zone.
8:32 of 3rd period - Icing by Kyle Palmieri.
8:33 of 3rd period - Paul Stastny wins face-off versus Nino Niederreiter in Penguins zone.
8:37 of 3rd period - Shot by Kyle Connor.
8:37 of 3rd period - Goal by Kyle Connor - Penguins : 3 - Islanders : 2.
8:38 of 3rd period - Cole Perfetti wins face-off versus Paul Stastny in neutral zone.
8:43 of 3rd period - Shot by Taylor Raddysh.
8:43 of 3rd period - Stopped by Andrei Vasilevskiy without a rebound.
8:44 of 3rd period - Quinton Byfield wins face-off versus Paul Stastny in Islanders zone.
8:45 of 3rd period - Shot by Michael Del Zotto.
8:45 of 3rd period - Shot Misses the Net.
8:47 of 3rd period - Shot by Brenden Dillon.
8:47 of 3rd period - Stopped by Andrei Vasilevskiy without a rebound.
8:48 of 3rd period - Paul Stastny wins face-off versus Quinton Byfield in Islanders zone.
8:59 of 3rd period - Shot by Quinton Byfield.
8:59 of 3rd period - Stopped by Andrei Vasilevskiy without a rebound.
9:00 of 3rd period - Aleksander Barkov wins face-off versus Jason Zucker in Islanders zone.
9:50 of 3rd period - Icing by Nicolas Hague.
9:51 of 3rd period - Cole Perfetti wins face-off versus Paul Stastny in Penguins zone.
10:19 of 3rd period - Shot by Nikolaj Ehlers.
10:19 of 3rd period - Shot Misses the Net.
10:21 of 3rd period - Shot by Brandon Carlo.
10:21 of 3rd period - Stopped by Jordan Binnington without a rebound.
10:22 of 3rd period - Casey Cizikas wins face-off versus Nico Hischier in Penguins zone.
10:22 of 3rd period - Pavel Zacha is hit by Michael Del Zotto and loses puck.
10:43 of 3rd period - Shot by Conor Garland.
10:43 of 3rd period - Shot Misses the Net.
10:59 of 3rd period - Shot by Pavel Zacha.
10:59 of 3rd period - Shot Misses the Net.
11:26 of 3rd period - Shot by Kevin Labanc.
11:26 of 3rd period - Stopped by Andrei Vasilevskiy with a rebound.
12:48 of 3rd period - Icing by Artem Zub.
12:49 of 3rd period - Cole Perfetti wins face-off versus Conor Garland in Penguins zone.
13:40 of 3rd period - Jonatan Berggren is hit by Nino Niederreiter and loses puck.
13:55 of 3rd period - Brandon Carlo is hit by Nino Niederreiter and loses puck.
14:06 of 3rd period - Shot by Jonatan Berggren.
14:06 of 3rd period - Shot Misses the Net.
14:08 of 3rd period - Shot by Scott Mayfield.
14:08 of 3rd period - Stopped by Jordan Binnington with a rebound.
14:40 of 3rd period - Shot by Kyle Connor.
14:40 of 3rd period - Shot Blocked by Juuso Valimaki.
14:50 of 3rd period - Shot by Nikolaj Ehlers.
14:50 of 3rd period - Stopped by Jordan Binnington without a rebound.
14:51 of 3rd period - Aleksander Barkov wins face-off versus Quinton Byfield in Penguins zone.
15:08 of 3rd period - Shot by Aleksander Barkov.
15:08 of 3rd period - Stopped by Jordan Binnington without a rebound.
15:09 of 3rd period - Casey Cizikas wins face-off versus Jason Zucker in Penguins zone.
15:10 of 3rd period - Shot by Pavel Zacha.
15:10 of 3rd period - Shot Misses the Net.
15:12 of 3rd period - Shot by Scott Mayfield.
15:12 of 3rd period - Shot Misses the Net.
15:18 of 3rd period - Shot by Pavel Zacha.
15:18 of 3rd period - Stopped by Jordan Binnington without a rebound.
15:19 of 3rd period - Aleksander Barkov wins face-off versus Quinton Byfield in Penguins zone.
15:24 of 3rd period - Shot by Matthew Tkachuk.
15:24 of 3rd period - Stopped by Jordan Binnington with a rebound.
15:38 of 3rd period - Shot by Ryan Donato.
15:38 of 3rd period - Shot Misses the Net.
15:40 of 3rd period - Shot by Kevin Labanc.
15:40 of 3rd period - Stopped by Andrei Vasilevskiy with a rebound.
15:42 of 3rd period - Shot by Quinton Byfield.
15:42 of 3rd period - Shot Misses the Net.
15:44 of 3rd period - Shot by Logan Stanley.
15:44 of 3rd period - Shot Misses the Net.
15:48 of 3rd period - Shot by Kevin Labanc.
15:48 of 3rd period - Stopped by Andrei Vasilevskiy without a rebound.
15:49 of 3rd period - Paul Stastny wins face-off versus Cole Perfetti in Islanders zone.
15:49 of 3rd period - Paul Stastny is hit by Jason Zucker.
15:55 of 3rd period - Shot by Kyle Connor.
15:55 of 3rd period - Stopped by Jordan Binnington without a rebound.
15:56 of 3rd period - Cole Perfetti wins face-off versus Paul Stastny in Penguins zone.
16:01 of 3rd period - Shot by Kyle Connor.
16:01 of 3rd period - Shot Hit the Post.
16:13 of 3rd period - Shot by Kyle Connor.
16:13 of 3rd period - Shot Misses the Net.
16:17 of 3rd period - Shot by Paul Stastny.
16:17 of 3rd period - Stopped by Jordan Binnington with a rebound.
16:19 of 3rd period - Shot by Brandon Carlo.
16:19 of 3rd period - Stopped by Jordan Binnington without a rebound.
16:20 of 3rd period - Quinton Byfield wins face-off versus Aleksander Barkov in Penguins zone.
16:20 of 3rd period - Quinton Byfield is hit by Aleksander Barkov.
16:29 of 3rd period - Icing by Logan Stanley.
16:30 of 3rd period - Casey Cizikas wins face-off versus Quinton Byfield in Penguins zone.
16:52 of 3rd period - Shot by Conor Garland.
16:52 of 3rd period - Shot Blocked by Quinton Byfield.
17:44 of 3rd period - Shot by Michael Del Zotto.
17:44 of 3rd period - Stopped by Andrei Vasilevskiy with a rebound.
17:52 of 3rd period - Shot by Nino Niederreiter.
17:52 of 3rd period - Shot Misses the Net.
18:23 of 3rd period - Shot by Taylor Raddysh.
18:23 of 3rd period - Shot Misses the Net.
18:25 of 3rd period - Shot by Nicolas Hague.
18:25 of 3rd period - Stopped by Andrei Vasilevskiy with a rebound.
18:27 of 3rd period - Shot by Jason Zucker.
18:27 of 3rd period - Shot Blocked by Scott Mayfield.
18:29 of 3rd period - Shot by Taylor Raddysh.
18:29 of 3rd period - Goal by Taylor Raddysh - Penguins : 4 - Islanders : 2.
18:30 of 3rd period - Aleksander Barkov wins face-off versus Nico Hischier in neutral zone.
18:34 of 3rd period - Icing by Artem Zub.
18:35 of 3rd period - Aleksander Barkov wins face-off versus Nico Hischier in Penguins zone.
18:35 of 3rd period - Aleksander Barkov is hit by Artem Zub.
18:39 of 3rd period - Shot by Travis Konecny.
18:39 of 3rd period - Stopped by Jordan Binnington without a rebound.
18:40 of 3rd period - Aleksander Barkov wins face-off versus Cole Perfetti in Penguins zone.
18:58 of 3rd period - Off-side.
18:59 of 3rd period - Casey Cizikas wins face-off versus Quinton Byfield in neutral zone.
19:07 of 3rd period - Shot by Conor Garland.
19:07 of 3rd period - Shot Misses the Net.
19:09 of 3rd period - Shot by Pavel Zacha.
19:09 of 3rd period - Shot Misses the Net.
Goals for this period are 1 for Penguins vs 1 for Islanders.
Shots for this period are 14 for Penguins vs 17 for Islanders.